[Event "FIDE WSTC Open 65 2025"]
[Site "Prague"]
[Date "2025.02.19"]
[Round "3.30"]
[White "Polasek, Jaroslav"]
[Black "Uimonen, Matti"]
[Result "1-0"]
[Annotator "RC"]
[ECO "B01"]
[WhiteElo "2344"]
[BlackElo "2056"]
[PlyCount "75"]
[EventDate "2025.02.17"]
[EventType "team-tourn"]
[EventCountry "CZE"]
[SourceTitle "playchess.com"]
[Source "ChessBase"]
[SourceQuality "1"]
[TimeControl "40/5400+30:1800+30"]

1. e4 d5 2. exd5 Qxd5 3. Nc3 Qd8 4. d4 Nf6 5. Nf3 Bf5 6. Ne5 c6 7. Bc4 e6 8. g4 Be4 9. Nxe4 Nxe4 10. Qf3 Nd6 11. Bb3 Nd7 12. Bf4 g5 13. Bg3 Qe7 14. O-O-O Rc8 15. Nxd7 Kxd7 16. Be5 Rg8 17. c4 Bg7 18. Rhe1 Ne8 19. Kb1 Bxe5 20. dxe5+ Kc7 21. Qe3 Kb8 22. Qd3 Nc7 23. Qd7 Qf8 24. Re3 Qg7 25. Ba4 Na6 26. Rb3 Rc7 27. Qd4 c5 28. Qe3 Nb4 29. Rc3 f6 30. a3 Nc6 31. Bxc6 Rxc6 32. Rcd3 fxe5 33. Rd7 Qg6+ 34. Ka1 e4 35. Qb3 b6 36. Qa4 Rc7 37. Rxc7 Kxc7 38. Rd7+ 1-0

[Event "FIDE WSTC Open 65 2025"]
[Site "Prague"]
[Date "2025.02.19"]
[Round "3.31"]
[White "Rantanen, Riku"]
[Black "Spacek, Petr"]
[Result "1/2-1/2"]
[Annotator "RC"]
[ECO "D33"]
[WhiteElo "2070"]
[BlackElo "2273"]
[PlyCount "26"]
[EventDate "2025.02.17"]
[EventType "team-tourn"]
[EventCountry "CZE"]
[SourceTitle "playchess.com"]
[Source "ChessBase"]
[SourceQuality "1"]
[TimeControl "40/5400+30:1800+30"]

1. Nf3 c5 2. c4 e6 3. g3 d5 4. cxd5 exd5 5. d4 Nc6 6. Bg2 Nf6 7. O-O Be6 8. Nc3 h6 9. b3 Rc8 10. Bb2 b6 11. Rc1 Be7 12. e3 O-O 13. Ne5 cxd4 1/2-1/2

[Event "FIDE WSTC Open 65 2025"]
[Site "Prague"]
[Date "2025.02.19"]
[Round "3.33"]
[White "Urban, Zdenek"]
[Black "Kyas, Juergen"]
[Result "1/2-1/2"]
[Annotator "ChessBase"]
[ECO "D85"]
[WhiteElo "2155"]
[BlackElo "2173"]
[PlyCount "27"]
[EventDate "2025.02.17"]
[EventType "team-tourn"]
[EventCountry "CZE"]
[SourceTitle "playchess.com"]
[Source "ChessBase"]
[SourceQuality "1"]
[TimeControl "40/5400+30:1800+30"]

1. d4 Nf6 2. c4 g6 3. Nc3 d5 4. cxd5 Nxd5 5. e4 Nxc3 6. bxc3 Bg7 7. Bc4 c5 8. Be3 Qa5 9. Qd2 Nc6 10. Ne2 O-O 11. Rb1 cxd4 12. cxd4 Rd8 13. Bd5 Qxd2+ 14. Kxd2 1/2-1/2

[Event "FIDE WSTC Open 65 2025"]
[Site "Prague"]
[Date "2025.02.19"]
[Round "3.34"]
[White "Schmidt, Bodo"]
[Black "Sejkora, Vlastimil"]
[Result "0-1"]
[Annotator "RC"]
[ECO "B07"]
[WhiteElo "2256"]
[BlackElo "2121"]
[PlyCount "76"]
[EventDate "2025.02.17"]
[EventType "team-tourn"]
[EventCountry "CZE"]
[SourceTitle "playchess.com"]
[Source "ChessBase"]
[SourceQuality "1"]
[TimeControl "40/5400+30:1800+30"]

1. d4 g6 2. Nf3 Bg7 3. c3 d6 4. e4 Nf6 5. Nbd2 c6 6. Bc4 O-O 7. e5 Ne8 8. O-O Nc7 9. a4 d5 10. Bd3 Nd7 11. Re1 c5 12. h4 Ne6 13. Nf1 f5 14. exf6 Nxf6 15. Ng3 cxd4 16. cxd4 Ng4 17. h5 Nxd4 18. hxg6 Qb6 19. gxh7+ Kh8 20. Be3 Nxe3 21. Rxe3 Bg4 22. Be2 Nxe2+ 23. Qxe2 e5 24. Qb5 Qxb5 25. axb5 e4 26. Nh2 Be6 27. Re2 Kxh7 28. Nhf1 Bd4 29. Rc1 Bb6 30. Ne3 Kg6 31. Rd2 Rad8 32. b3 Kg5 33. Rcd1 d4 34. Nc4 Bxc4 35. bxc4 Kf4 36. Ne2+ Ke5 37. Rc1 Bc5 38. Kh2 d3 0-1

[Event "FIDE WSTC Open 65 2025"]
[Site "Prague"]
[Date "2025.02.19"]
[Round "3.35"]
[White "Mlynek, Petr"]
[Black "Baum, Bernd"]
[Result "1/2-1/2"]
[Annotator "ChessBase"]
[ECO "D79"]
[WhiteElo "2023"]
[BlackElo "2219"]
[PlyCount "31"]
[EventDate "2025.02.17"]
[EventType "team-tourn"]
[EventCountry "CZE"]
[SourceTitle "playchess.com"]
[Source "ChessBase"]
[SourceQuality "1"]
[TimeControl "40/5400+30:1800+30"]

1. d4 Nf6 2. c4 g6 3. Nf3 Bg7 4. g3 c6 5. Bg2 d5 6. cxd5 cxd5 7. O-O O-O 8. Nc3 Ne4 9. Bf4 Nc6 10. Qb3 Na5 11. Qb4 Nxc3 12. Qxc3 Nc6 13. Ne5 Nxe5 14. Bxe5 Bg4 15. Bxg7 Kxg7 16. e3 1/2-1/2

[Event "FIDE WSTC Open 65 2025"]
[Site "Prague"]
[Date "2025.02.19"]
[Round "3.36"]
[White "Okrajek, Alexander"]
[Black "Navratil, Jiri"]
[Result "1/2-1/2"]
[Annotator "ChessBase"]
[ECO "D05"]
[WhiteElo "2200"]
[BlackElo "2025"]
[PlyCount "118"]
[EventDate "2025.02.17"]
[EventType "team-tourn"]
[EventCountry "CZE"]
[SourceTitle "playchess.com"]
[Source "ChessBase"]
[SourceQuality "1"]
[TimeControl "40/5400+30:1800+30"]

1. d4 d5 2. Nf3 Nf6 3. e3 e6 4. Nbd2 Be7 5. Bd3 O-O 6. O-O b6 7. b3 Bb7 8. Bb2 Nbd7 9. c4 Re8 10. Rc1 Rc8 11. cxd5 exd5 12. Ne5 Nxe5 13. dxe5 Nd7 14. Qg4 Nc5 15. Bf5 Rb8 16. e6 g6 17. Nf3 Bf6 18. exf7+ Kxf7 19. Bxf6 Qxf6 20. Bb1 Re7 21. Rfd1 Ne4 22. Bxe4 dxe4 23. Ng5+ Kg8 24. h4 Rf8 25. Rc2 h6 26. Nh3 Kh7 27. Qg3 c5 28. Rd6 Re6 29. Rcd2 Bc8 30. Rxe6 Bxe6 31. Kh2 Rg8 32. Qf4 Qf5 33. Qxf5 Bxf5 34. Nf4 Rc8 35. Nd5 Kg7 36. Ne7 Rc7 37. Nxf5+ gxf5 38. Kg3 b5 39. Kf4 Kf6 40. Rd6+ Ke7 41. Ke5 c4 42. bxc4 bxc4 43. Rd2 Rc5+ 44. Kd4 Kd6 45. Rc2 c3 46. h5 a6 47. a3 Ra5 48. Rxc3 Ra4+ 49. Rc4 Rxa3 50. Rb4 Rd3+ 51. Kc4 Rd2 52. Rb6+ Ke5 53. f4+ exf3 54. gxf3 f4 55. exf4+ Kxf4 56. Rxh6 Kxf3 57. Rxa6 Rh2 58. h6 Kf4 59. Kd4 Kf5 1/2-1/2

[Event "FIDE WSTC Open 65 2025"]
[Site "Prague"]
[Date "2025.02.19"]
[Round "3.37"]
[White "Mojzis, Jaroslav"]
[Black "Glienke, Manfred"]
[Result "0-1"]
[Annotator "ChessBase"]
[ECO "A11"]
[WhiteElo "2089"]
[BlackElo "2187"]
[PlyCount "84"]
[EventDate "2025.02.17"]
[EventType "team-tourn"]
[EventCountry "CZE"]
[SourceTitle "playchess.com"]
[Source "ChessBase"]
[SourceQuality "1"]
[TimeControl "40/5400+30:1800+30"]

1. Nf3 Nf6 2. g3 d5 3. Bg2 Bf5 4. O-O e6 5. c4 c6 6. Qb3 Qb6 7. d3 Nbd7 8. cxd5 exd5 9. Be3 Qxb3 10. axb3 a6 11. Bd2 Be7 12. b4 O-O 13. Bc3 h6 14. Nbd2 Rfe8 15. Nb3 Bd6 16. Na5 Rab8 17. Rfe1 Ne5 18. Nd4 Bh7 19. Rad1 Bc7 20. e4 Ned7 21. exd5 Rxe1+ 22. Rxe1 cxd5 23. Bh3 Ne5 24. f4 Nxd3 25. Re7 Bd6 26. Rxb7 Rxb7 27. Nxb7 Bxb4 28. Bf1 Bxc3 29. bxc3 Be4 30. h3 Nd7 31. Bxd3 Bxd3 32. Kf2 Kf8 33. Ke3 Bf1 34. h4 Nf6 35. f5 Ne4 36. Kf4 Nxc3 37. Nc6 Bb5 38. Nb4 Ke7 39. Ke5 f6+ 40. Kf4 d4 41. Na5 Kd6 42. Nb3 Nd5+ 0-1

[Event "FIDE WSTC Open 65 2025"]
[Site "Prague"]
[Date "2025.02.19"]
[Round "3.38"]
[White "Sprotte, Norbert"]
[Black "Svanda, Pavel"]
[Result "1/2-1/2"]
[Annotator "NA"]
[ECO "D32"]
[WhiteElo "2129"]
[BlackElo "2080"]
[PlyCount "37"]
[EventDate "2025.02.17"]
[EventType "team-tourn"]
[EventCountry "CZE"]
[SourceTitle "playchess.com"]
[Source "ChessBase"]
[SourceQuality "1"]
[TimeControl "40/5400+30:1800+30"]

1. Nf3 d5 2. e3 c5 3. b3 Nf6 4. Bb2 e6 5. c4 Be7 6. Nc3 O-O 7. cxd5 exd5 8. d4 Nc6 9. Be2 Be6 10. O-O Rc8 11. dxc5 Bxc5 12. Rc1 Qe7 13. Nb5 a6 14. Bxf6 gxf6 15. Nbd4 Ne5 16. Nh4 Qd7 17. f4 Ng6 18. Nhf3 Bf5 19. Nxf5 1/2-1/2

[Event "FIDE WSTC Open 65 2025"]
[Site "Prague"]
[Date "2025.02.19"]
[Round "3.39"]
[White "Nemec, Pavel"]
[Black "Lanzendoerfer, Johannes"]
[Result "1-0"]
[Annotator "ChessBase"]
[ECO "C02"]
[WhiteElo "2117"]
[BlackElo "2131"]
[PlyCount "115"]
[EventDate "2025.02.17"]
[EventType "team-tourn"]
[EventCountry "CZE"]
[SourceTitle "playchess.com"]
[Source "ChessBase"]
[SourceQuality "1"]
[TimeControl "40/5400+30:1800+30"]

1. e4 e6 2. d4 d5 3. e5 c5 4. c3 Nc6 5. Nf3 Bd7 6. a3 c4 7. g3 Na5 8. Nbd2 Bc6 9. h4 Qd7 10. Bh3 Ba4 11. Qe2 Ne7 12. O-O h6 13. h5 O-O-O 14. Nh4 g5 15. Ng2 Rg8 16. Ne3 Bg7 17. Ng4 Nf5 18. Nf3 Qe7 19. Be3 Kb8 20. Rae1 Rde8 21. Kh1 Ka8 22. Bc1 Nc6 23. Ngh2 Qd7 24. g4 Nfe7 25. Ng1 Nd8 26. f4 gxf4 27. Bxf4 Rgf8 28. Qd2 Ng8 29. Ngf3 f6 30. exf6 Bxf6 31. Bxh6 Nxh6 32. Qxh6 Qe7 33. Qd2 Rg8 34. Ne5 Bg5 35. Qe2 Qh7 36. Nhf3 Bf4 37. Qf2 Bc2 38. Nd2 Bg5 39. Nef3 Bf4 40. Ne5 Bg5 41. Bg2 Bh6 42. Qe2 Ref8 43. Rxf8 Rxf8 44. Rf1 Rg8 45. Rf2 Ba4 46. Ndf3 Be8 47. Kg1 Bf4 48. Nh2 Qh6 49. Nf1 Qg5 50. Rf3 Bxe5 51. Qxe5 Qxe5 52. dxe5 Nc6 53. Ne3 Nxe5 54. Rf6 Nd3 55. Kh2 a6 56. Kh3 Bd7 57. Kh4 e5 58. Bxd5 1-0

[Event "FIDE WSTC Open 65 2025"]
[Site "Prague"]
[Date "2025.02.19"]
[Round "3.40"]
[White "Steiger, Michael"]
[Black "Vavruska, Antonin"]
[Result "0-1"]
[Annotator "NA"]
[ECO "A10"]
[WhiteElo "1919"]
[BlackElo "1926"]
[PlyCount "64"]
[EventDate "2025.02.17"]
[EventType "team-tourn"]
[EventCountry "CZE"]
[SourceTitle "playchess.com"]
[Source "ChessBase"]
[SourceQuality "1"]
[TimeControl "40/5400+30:1800+30"]

1. Nf3 e6 2. g3 f5 3. c4 Nf6 4. Bg2 Be7 5. O-O O-O 6. Nc3 d6 7. d3 c6 8. e3 e5 9. c5 Kh8 10. cxd6 Bxd6 11. b3 Be6 12. Bb2 Nbd7 13. Qc2 Qe8 14. Ng5 Bg8 15. f4 exf4 16. exf4 Bc5+ 17. Kh1 Ng4 18. Na4 Qh5 19. h4 Be7 20. Rae1 Bb4 21. Re6 Bxe6 22. Nxe6 Rf7 23. Qc4 Bf8 24. Qd4 Ndf6 25. Bf3 Rd7 26. Qc4 Re8 27. Ng5 Qg6 28. Nc5 Ne3 29. Qc1 Bxc5 30. h5 Nxh5 31. Re1 Bb6 32. Qc3 Nf6 0-1

[Event "FIDE WSTC Open 65 2025"]
[Site "Prague"]
[Date "2025.02.19"]
[Round "3.41"]
[White "Roos, Jean-Luc"]
[Black "Bergstrom, Rolf"]
[Result "1-0"]
[Annotator "ChessBase"]
[ECO "B23"]
[WhiteElo "2165"]
[BlackElo "2160"]
[PlyCount "75"]
[EventDate "2025.02.17"]
[EventType "team-tourn"]
[EventCountry "CZE"]
[SourceTitle "playchess.com"]
[Source "ChessBase"]
[SourceQuality "1"]
[TimeControl "40/5400+30:1800+30"]

1. e4 c5 2. Nc3 e6 3. g3 d5 4. Bg2 d4 5. Nce2 d3 6. cxd3 Nc6 7. Nf3 e5 8. O-O Be6 9. b3 f6 10. Bb2 Qxd3 11. Nc3 Nge7 12. Nd5 O-O-O 13. Re1 Qa6 14. Bf1 Qa5 15. Bc3 Qa3 16. Ne3 Nd4 17. Nc4 Bxc4 18. Bxc4 Nec6 19. Rf1 Kb8 20. Ne1 b5 21. Bd5 Nb4 22. Bxb4 Qxb4 23. a4 Qa5 24. axb5 Qxb5 25. Nc2 Nxc2 26. Qxc2 Bd6 27. Ra4 Bc7 28. b4 Bb6 29. bxc5 Qxc5 30. Rc4 Qe7 31. Rc1 Qd7 32. Qa2 Rc8 33. Bc6 Qe7 34. Qa6 Rcd8 35. Rb1 Rd4 36. Rxb6+ axb6 37. Qxb6+ Kc8 38. Bb7+ 1-0

[Event "FIDE WSTC Open 65 2025"]
[Site "Prague"]
[Date "2025.02.19"]
[Round "3.42"]
[White "Soderberg, Per"]
[Black "Boulard, Eric"]
[Result "1/2-1/2"]
[Annotator "ChessBase"]
[ECO "B13"]
[WhiteElo "2065"]
[BlackElo "2162"]
[PlyCount "69"]
[EventDate "2025.02.17"]
[EventType "team-tourn"]
[EventCountry "CZE"]
[SourceTitle "playchess.com"]
[Source "ChessBase"]
[SourceQuality "1"]
[TimeControl "40/5400+30:1800+30"]

1. e4 c6 2. d4 d5 3. exd5 cxd5 4. c4 Nf6 5. Nc3 Nc6 6. Nf3 a6 7. Ne5 Be6 8. Nxc6 bxc6 9. c5 Bf5 10. Bd3 g6 11. O-O Bg7 12. Re1 O-O 13. Bxf5 gxf5 14. Bf4 Ra7 15. Qd3 e6 16. b4 Re8 17. a4 Ne4 18. Ne2 f6 19. f3 Ng5 20. Bg3 Qd7 21. Rab1 e5 22. f4 e4 23. Qc3 Ne6 24. Rb3 Nc7 25. Bf2 Rb7 26. Reb1 Reb8 27. Qh3 Kh8 28. Be1 Bf8 29. Ng3 Ne6 30. Ne2 Nc7 31. Qc3 Be7 32. Qc2 Ne6 33. Qd1 Bd8 34. g3 Be7 35. Qc2 1/2-1/2

[Event "FIDE WSTC Open 65 2025"]
[Site "Prague"]
[Date "2025.02.19"]
[Round "3.43"]
[White "Fayard, Alain"]
[Black "Braathen, Tom"]
[Result "1/2-1/2"]
[Annotator "NA"]
[ECO "A57"]
[WhiteElo "2117"]
[BlackElo "1963"]
[PlyCount "48"]
[EventDate "2025.02.17"]
[EventType "team-tourn"]
[EventCountry "CZE"]
[SourceTitle "playchess.com"]
[Source "ChessBase"]
[SourceQuality "1"]
[TimeControl "40/5400+30:1800+30"]

1. d4 Nf6 2. c4 c5 3. d5 b5 4. cxb5 a6 5. b6 d6 6. Nc3 Nbd7 7. a4 a5 8. e4 Nxb6 9. Bb5+ Bd7 10. Nf3 Bxb5 11. axb5 g6 12. O-O Bg7 13. h3 O-O 14. Qe2 Qc7 15. Bf4 Qb7 16. Rfd1 Rfd8 17. Bh2 Ne8 18. Nd2 Nc7 19. f4 e6 20. dxe6 Nxe6 21. Nf3 Nd4 22. Nxd4 cxd4 23. Nb1 Re8 24. Nd2 Nd5 1/2-1/2

[Event "FIDE WSTC Open 65 2025"]
[Site "Prague"]
[Date "2025.02.19"]
[Round "3.44"]
[White "Frisen, Hakan"]
[Black "Theon, Pierre"]
[Result "0-1"]
[Annotator "NA"]
[ECO "E12"]
[WhiteElo "1956"]
[BlackElo "2079"]
[PlyCount "78"]
[EventDate "2025.02.17"]
[EventType "team-tourn"]
[EventCountry "CZE"]
[SourceTitle "playchess.com"]
[Source "ChessBase"]
[SourceQuality "1"]
[TimeControl "40/5400+30:1800+30"]

1. d4 Nf6 2. c4 e6 3. Nc3 Bb4 4. Qc2 b6 5. e4 c5 6. Nf3 cxd4 7. Nxd4 Bb7 8. f3 Nc6 9. Be3 Qc7 10. a3 Be7 11. Be2 O-O 12. Nxc6 dxc6 13. O-O e5 14. f4 exf4 15. Bxf4 Bd6 16. Bxd6 Qxd6 17. Rad1 Qc5+ 18. Kh1 Rad8 19. Rf5 Rxd1+ 20. Qxd1 Qe3 21. Rf3 Qc5 22. Rd3 Qe7 23. Bf3 Re8 24. Qa4 a5 25. Qb3 Qc7 26. Qd1 Bc8 27. b3 Nd7 28. Kg1 Ne5 29. Rd2 h6 30. a4 Qe7 31. Ne2 Qc5+ 32. Kh1 Kh7 33. Ng3 Qe3 34. Re2 Qc3 35. Rd2 Bg4 36. Bxg4 Nxg4 37. Qc2 Qa1+ 38. Rd1 Qxd1+ 39. Qxd1 Nf2+ 0-1

[Event "FIDE WSTC Open 65 2025"]
[Site "Prague"]
[Date "2025.02.19"]
[Round "3.45"]
[White "Houston, David"]
[Black "Holst, Per"]
[Result "1/2-1/2"]
[Annotator "RC"]
[ECO "C03"]
[WhiteElo "2235"]
[BlackElo "2037"]
[PlyCount "44"]
[EventDate "2025.02.17"]
[EventType "team-tourn"]
[EventCountry "CZE"]
[SourceTitle "playchess.com"]
[Source "ChessBase"]
[SourceQuality "1"]
[TimeControl "40/5400+30:1800+30"]

1. e4 e6 2. d4 d5 3. Nd2 a6 4. Ngf3 Nf6 5. Bd3 c5 6. c3 Nc6 7. O-O cxd4 8. cxd4 g6 9. e5 Nd7 10. Nb3 Bg7 11. Qe2 O-O 12. Re1 Qb6 13. Be3 a5 14. Rac1 a4 15. Nc5 Nxc5 16. dxc5 Qc7 17. Bf4 f6 18. exf6 Qxf4 19. fxg7 Kxg7 20. Bb5 Nd4 21. Nxd4 Qxd4 22. c6 bxc6 1/2-1/2

[Event "FIDE WSTC Open 65 2025"]
[Site "Prague"]
[Date "2025.02.19"]
[Round "3.46"]
[White "Olesen, Poul Erik Norgaard"]
[Black "Wallace, John Paul"]
[Result "1/2-1/2"]
[Annotator "RC"]
[ECO "A03"]
[WhiteElo "1961"]
[BlackElo "2351"]
[PlyCount "66"]
[EventDate "2025.02.17"]
[EventType "team-tourn"]
[EventCountry "CZE"]
[SourceTitle "playchess.com"]
[Source "ChessBase"]
[SourceQuality "1"]
[TimeControl "40/5400+30:1800+30"]

1. f4 d5 2. b3 c5 3. Bb2 Nc6 4. Nf3 Nf6 5. e3 e6 6. Nc3 Be7 7. Bb5 O-O 8. O-O d4 9. exd4 Nxd4 10. Bd3 b6 11. Ne4 Bb7 12. Bxd4 cxd4 13. Nxf6+ Bxf6 14. Qe2 Rc8 15. Rae1 g6 16. Qf2 Rc5 17. a4 Qd6 18. Qg3 Qd8 19. Re2 Qc7 20. Ne5 Bg7 21. h4 Rxc2 22. Bxc2 Qxc2 23. Qd3 Qxd3 24. Nxd3 Ba6 25. Rf3 Bb7 26. Rf1 Ba6 27. Rf3 Bf6 28. g3 Bb7 29. Rf1 Ba6 30. Rf3 Bb7 31. Rf1 Ba6 32. Rf3 Bb7 33. Rf1 Ba6 1/2-1/2

[Event "FIDE WSTC Open 65 2025"]
[Site "Prague"]
[Date "2025.02.19"]
[Round "3.47"]
[White "Smith, Andrew Philip"]
[Black "Jorgensen, Arne Bjorn"]
[Result "1-0"]
[Annotator "ChessBase"]
[ECO "C02"]
[WhiteElo "2117"]
[BlackElo "1950"]
[PlyCount "89"]
[EventDate "2025.02.17"]
[EventType "team-tourn"]
[EventCountry "CZE"]
[SourceTitle "playchess.com"]
[Source "ChessBase"]
[SourceQuality "1"]
[TimeControl "40/5400+30:1800+30"]

1. e4 e6 2. d4 d5 3. e5 c5 4. c3 Nc6 5. Nf3 Qb6 6. Bd3 cxd4 7. O-O dxc3 8. Nxc3 Nge7 9. Re1 Ng6 10. h4 Bb4 11. h5 Nge7 12. h6 g6 13. a3 Bxc3 14. bxc3 Bd7 15. Bg5 O-O-O 16. Bf6 Nf5 17. Bxf5 gxf5 18. Ng5 Rhg8 19. Nxf7 Qc7 20. Nxd8 Nxd8 21. Bg7 Bc6 22. Qd4 Kb8 23. Qh4 b6 24. Qf6 Qd7 25. Re3 Nb7 26. Rd1 Nc5 27. f3 Rc8 28. Bf8 Ba4 29. Rd4 Bb5 30. Bd6+ Kb7 31. Qg7 Qxg7 32. hxg7 Rg8 33. Bf8 Nd7 34. Rh4 Nxf8 35. gxf8=Q Rxf8 36. Rxh7+ Ka6 37. Re7 Re8 38. Rxe8 Bxe8 39. Rd3 Kb5 40. Rd4 Kc5 41. Kf2 a5 42. Ke3 Bb5 43. g4 fxg4 44. fxg4 Be8 45. Kf4 1-0

[Event "FIDE WSTC Open 65 2025"]
[Site "Prague"]
[Date "2025.02.19"]
[Round "3.48"]
[White "Andersson, Finn"]
[Black "Noone, Joe"]
[Result "0-1"]
[Annotator "NA"]
[ECO "B22"]
[WhiteElo "1835"]
[BlackElo "1934"]
[PlyCount "94"]
[EventDate "2025.02.17"]
[EventType "team-tourn"]
[EventCountry "CZE"]
[SourceTitle "playchess.com"]
[Source "ChessBase"]
[SourceQuality "1"]
[TimeControl "40/5400+30:1800+30"]

1. e4 c5 2. c3 d5 3. exd5 Qxd5 4. d4 Nf6 5. Nf3 Bg4 6. Be2 e6 7. Qa4+ Nc6 8. O-O Be7 9. Be3 O-O 10. dxc5 Bxc5 11. Rd1 Qh5 12. Bxc5 Qxc5 13. Nbd2 Rfd8 14. Ne4 Nxe4 15. Qxe4 Bf5 16. Qf4 h6 17. Rxd8+ Rxd8 18. Qc7 Qe7 19. Qxe7 Nxe7 20. Rd1 Rxd1+ 21. Bxd1 Be4 22. Kf1 Bd5 23. b3 Kf8 24. Ke2 Nf5 25. Kd3 Ke7 26. g3 f6 27. Nd4 Nd6 28. Bf3 Bxf3 29. Nxf3 e5 30. Nd2 f5 31. f3 Ke6 32. c4 g5 33. h3 h5 34. h4 f4 35. b4 fxg3 36. Ke2 gxh4 37. Kf1 Kf5 38. Kg2 Kf4 39. c5 Nb5 40. a4 Nc3 41. b5 Nxa4 42. Ne4 h3+ 43. Kxh3 Kxf3 44. Ng5+ Kf2 45. Ne4+ Ke3 46. c6 bxc6 47. bxc6 Kxe4 0-1

[Event "FIDE WSTC Open 65 2025"]
[Site "Prague"]
[Date "2025.02.20"]
[Round "4.1"]
[White "Garcia Palermo, Carlos Horacio"]
[Black "Nunn, John D M"]
[Result "1/2-1/2"]
[Annotator "TA"]
[ECO "E70"]
[WhiteElo "2412"]
[BlackElo "2533"]
[PlyCount "32"]
[EventDate "2025.02.17"]
[EventType "team-tourn"]
[EventCountry "CZE"]
[SourceTitle "playchess.com"]
[Source "ChessBase"]
[SourceQuality "1"]
[TimeControl "40/5400+30:1800+30"]

1. d4 Nf6 2. c4 g6 3. Nc3 Bg7 4. e4 d6 5. Nge2 Nbd7 6. Ng3 e5 7. d5 {[%emt 0:00:09] E70: King's Indian: Miscellaneous lines with 4 e4, including 5 Nge2 and 5 Bd3 0-0 6 Nge2.} h5 {[%emt 0:00:12] 7...a5 is vanishing.} 8. h4 Nh7 9. Nge2 $1 {[%emt 0:03:57] White has an edge.} a5 10. Nb5 $146 (10. Na4 $14) (10. g3 Nc5 11. Be3 O-O 12. Bg2 Nf6 13. f3 Nfd7 14. Nb5 Nb6 15. Qc2 Ra6 16. O-O {1-0 Mukherjee,A (2430)-Guizar,C (2425) W-ch23 sf10 email 1999}) 10... Nc5 $11 11. Nec3 O-O 12. Be3 f5 13. exf5 Bxf5 14. Qd2 Nf6 15. f3 {[%emt 0:02:04] Dodges Nfe4} Qd7 16. O-O-O Rae8 {[%emt 0:02:37] Weighted Error Value: White=0.06 (flawless) /Black=0.09 (flawless)   Mistake:       	White=1     	---        Inaccurate:     	---       	Black=1      OK:         	White=3     	Black=4      Best:        	---       	Black=1      Strong:       	White=1     	---} 1/2-1/2

[Event "FIDE WSTC Open 65 2025"]
[Site "Prague"]
[Date "2025.02.20"]
[Round "4.2"]
[White "Flear, Glenn C"]
[Black "Ortega, Lexy"]
[Result "1-0"]
[Annotator "RC"]
[ECO "D10"]
[WhiteElo "2384"]
[BlackElo "2348"]
[PlyCount "33"]
[EventDate "2025.02.17"]
[EventType "team-tourn"]
[EventCountry "CZE"]
[SourceTitle "playchess.com"]
[Source "ChessBase"]
[SourceQuality "1"]
[TimeControl "40/5400+30:1800+30"]

1. d4 d5 2. c4 c6 3. cxd5 cxd5 4. Bf4 Nc6 5. e3 Nf6 6. Nc3 a6 7. Bd3 Bg4 8. Nge2 e6 9. f3 Bh5 10. O-O Bg6 11. Rc1 Bd6 12. Na4 e5 13. dxe5 Nxe5 14. Bxg6 hxg6 15. Qd4 Qe7 16. Nb6 Rd8 17. Nc8 1-0

[Event "FIDE WSTC Open 65 2025"]
[Site "Prague"]
[Date "2025.02.20"]
[Round "4.3"]
[White "Ceschia, Ivano"]
[Black "Kosten, Anthony C."]
[Result "1/2-1/2"]
[Annotator "RC"]
[ECO "A45"]
[WhiteElo "2205"]
[BlackElo "2372"]
[PlyCount "78"]
[EventDate "2025.02.17"]
[EventType "team-tourn"]
[EventCountry "CZE"]
[SourceTitle "playchess.com"]
[Source "ChessBase"]
[SourceQuality "1"]
[TimeControl "40/5400+30:1800+30"]

1. d4 Nf6 2. Bg5 Ne4 3. Bf4 d5 4. e3 Nc6 5. Nd2 g5 6. Bg3 Nxg3 7. hxg3 e5 8. dxe5 Nxe5 9. Ngf3 Bg7 10. Nxe5 Bxe5 11. c3 c6 12. Qc2 h6 13. Nf3 Bg7 14. Nd4 Qd6 15. Bd3 Bd7 16. Nf5 Bxf5 17. Bxf5 a5 18. Rd1 h5 19. O-O h4 20. gxh4 Rxh4 21. g3 Rh8 22. Kg2 Rd8 23. e4 d4 24. cxd4 Bxd4 25. e5 Qd5+ 26. Be4 Qxa2 27. Bxc6+ bxc6 28. Qxc6+ Kf8 29. Rxd4 Rxd4 30. Qc5+ Kg7 31. Qxd4 Qe6 32. g4 Rb8 33. f3 Rb4 34. Qc3 Qb3 35. e6+ Qxc3 36. bxc3 Rb2+ 37. Kg3 fxe6 38. Ra1 Rb5 39. Kf2 Re5 1/2-1/2

[Event "FIDE WSTC Open 65 2025"]
[Site "Prague"]
[Date "2025.02.20"]
[Round "4.4"]
[White "Large, Peter G"]
[Black "Cocozza, Mario"]
[Result "1/2-1/2"]
[Annotator "ChessBase"]
[ECO "A45"]
[WhiteElo "2314"]
[BlackElo "2154"]
[PlyCount "39"]
[EventDate "2025.02.17"]
[EventType "team-tourn"]
[EventCountry "CZE"]
[SourceTitle "playchess.com"]
[Source "ChessBase"]
[SourceQuality "1"]
[TimeControl "40/5400+30:1800+30"]

1. d4 Nf6 2. Bg5 c5 3. Bxf6 gxf6 4. d5 Qb6 5. Nd2 f5 6. Rb1 Qg6 7. e3 d6 8. Ne2 Nd7 9. Nf4 Qh6 10. Bb5 Bg7 11. h4 O-O 12. Bxd7 Bxd7 13. Nf3 Rad8 14. Ng5 Bc8 15. c3 e5 16. Nh5 Bh8 17. f4 Rfe8 18. Kf2 Kf8 19. Ng3 Qg7 20. h5 1/2-1/2

[Event "FIDE WSTC Open 65 2025"]
[Site "Prague"]
[Date "2025.02.20"]
[Round "4.5"]
[White "Knaak, Rainer"]
[Black "Littlewood, Paul E"]
[Result "1/2-1/2"]
[Annotator "RC"]
[ECO "D37"]
[WhiteElo "2464"]
[BlackElo "2309"]
[PlyCount "56"]
[EventDate "2025.02.17"]
[EventType "team-tourn"]
[EventCountry "CZE"]
[SourceTitle "playchess.com"]
[Source "ChessBase"]
[SourceQuality "1"]
[TimeControl "40/5400+30:1800+30"]

1. Nf3 d5 2. d4 Nf6 3. c4 e6 4. Nc3 Be7 5. Bf4 a6 6. e3 O-O 7. Qc2 h6 8. cxd5 exd5 9. Bd3 c5 10. dxc5 Nc6 11. a3 Bxc5 12. Rd1 Ba7 13. O-O Be6 14. h3 Qe7 15. Ne2 Rac8 16. Qb1 Rfe8 17. Bg3 Nh5 18. Bh2 Qf6 19. Nfd4 Nxd4 20. exd4 Bb8 21. Bxb8 Rxb8 22. Qc1 Bf5 23. Bxf5 Qxf5 24. Ng3 Nxg3 25. fxg3 Qd7 26. Rf2 Rbc8 27. Qd2 Qd6 28. Rf4 Qg6 1/2-1/2